 Dungeon Crawl Stone Soup version 0.21-a0-265-gb353147 (webtiles) character file.

30 Gagarin the Conjurer (level 3, -2/26 HPs)
             Began as a Draconian Conjurer on Sept 12, 2017.
             Slain by a gnoll
             ... wielding a +1 dagger of chaos
              (16 damage)
             ... on level 1 of the Dungeon.
             The game lasted 00:04:03 (1204 turns).

Gagarin the Conjurer (Draconian Conjurer)           Turns: 1204, Time: 00:04:03

Health: -2/26      AC:  5    Str: 10    XL:     3   Next: 5%
Magic:  3/6        EV: 12    Int: 16    God:
Gold:   53         SH:  0    Dex: 11    Spells: 0/6 levels left

rFire    . . .     SeeInvis .   c - +0 club
rCold    . . .     Gourm    .   (no shield)
rNeg     . . .     Faith    .   (armour unavailable)
rPois    .         Spirit   .   (helmet restricted)
rElec    .         Reflect  .   (no cloak)
rCorr    .         Harm     .   (no gloves)
MR       .....                  (no boots)
Stlth    ++........             (no amulet)
HPRegen  0.08/turn              (no ring)
MPRegen  0.10/turn              (no ring)

@: no status effects
A: unfitting armour, cold-blooded, AC +5
a: no special abilities


You were on level 1 of the Dungeon.
You were not hungry.

You visited 1 branch of the dungeon, and saw 2 of its levels.

You collected 53 gold pieces.

Inventory:

Hand Weapons
 c - a +0 club (weapon)
 i - a +0 vampiric dagger
Jewellery
 d - a cursed ring of teleportation {unknown}
 g - an uncursed ring of fire {unknown}
Scrolls
 e - 2 scrolls of identify {unknown}
 j - a scroll of remove curse {unknown}
Potions
 h - a potion of haste {unknown}
Books
 a - a book of Conjurations

   Spells                             Type                      Level
   a - Magic Dart                     Conjuration                  1
   b - Searing Ray                    Conjuration                  2
   c - Dazzling Spray                 Conjuration/Hexes            3
   d - Fulminant Prism                Conjuration/Hexes            4
   e - Force Lance                    Conjuration/Translocation    4
   f - Iskenderun's Mystic Blast      Conjuration                  4
Comestibles
 b - a bread ration
 f - 4 chunks of flesh


   Skills:
 + Level 2.4 Dodging
 - Level 1.7 Stealth
 + Level 2.2 Spellcasting
 + Level 4.4 Conjurations


You couldn't memorise any spells.
You knew the following spells:

 Your Spells              Type           Power        Failure   Level  Hunger
a - Magic Dart            Conj           ###.         3%          1    #......
b - Searing Ray           Conj           ###...       4%          2    ###....
c - Dazzling Spray        Conj/Hex       #.....       24%         3    ###....


Dungeon Overview and Level Annotations

Branches:
Dungeon (2/15)

Altars:


Innate Abilities, Weirdness & Mutations

Your plain brown scales are hard. (AC +5)
You cannot fit into any form of body armour.
You are cold-blooded and may be slowed by cold attacks.


Message History

You closely miss the gnoll.
Your tail-slap misses the gnoll.
The gnoll is heavily wounded.
The gnoll misses you.
You see here 13 stones.
A gnoll is nearby!
You aren't carrying any items that you can evoke.
You see here 26 sling bullets.
Your magical contamination has completely faded away.
You see here 13 stones.
Casting: Magic Dart
Confirm with . or Enter, or press ? or * to list all spells.
Aiming: Magic Dart
Press: ? - help, Shift-Dir - straight line, f/p - gnoll
Aim: a gnoll, wielding a dagger of chaos (moderately wounded)
The magic dart hits the gnoll.
The gnoll is moderately wounded.
The gnoll hits you with a dagger of chaos.
You are electrocuted!
Ouch! That really hurt!
You die...

#.#.##............#
#.# #....
#.#.#######....####
### #####
#.#.#######...##
#............## ###
###.########### #⌠#
# #.# ##.###.## #
#.# #..##.#.## ##
#.# ####....###.##
##. #.# #.(.g@.##
##.## ##.# #)#
#.###.## ##.##
##.## ##.# #.# #.#
##.###.## ##..# #.#
#.# ##.#.## ##...##
#.# #.# ##.##
#.....# #.# #.# #⌠#
##...## #.# #.# ###
##.## #.# #(####
#.# #.# #.##.#


You could see a gnoll.

Vanquished Creatures
  An adder (D:2)
  2 leopard geckos (D:1)
  2 giant cockroaches (D:1)
  5 goblins
  3 hobgoblins (D:1)
  A ball python (D:1)
  A bat (D:1)
  A kobold (D:1)
  2 rats (D:1)
18 creatures vanquished.

Notes
Turn   | Place    | Note
-------+----------+-------------------------------------------
     0 | D:1      | Gagarin the Draconian Conjurer began the quest for the Orb.
     0 | D:1      | Reached XP level 1. HP: 14/14 MP: 3/3
   200 | D:1      | Reached XP level 2. HP: 11/20 MP: 0/5
   319 | D:1      | Learned a level 2 spell: Searing Ray
  1117 | D:2      | Reached XP level 3. HP: 24/26 MP: 0/6
  1136 | D:2      | Learned a level 3 spell: Dazzling Spray
  1204 | D:1      | Slain by a gnoll

Vault maps used:
D:1:      nagdon_arrival_zigzag_paths
D:2:      minmay_misc_feat_pillars, tgw_xom, uniq_sigmund, uniq_jessica

Skill      XL: |  1 |
---------------+----+-----
Dodging        | 2 |  2.4
Stealth        | |  1.7
Spellcasting   | |  2.2
Conjurations   | |  4.4

Action                   || total
-------------------------++-------
Melee: Club              ||    39
       Tailslap          ||     4
 Cast: Magic Dart        ||    28
 Stab: Sleeping          ||     1
  Eat: Chunk             ||     1
Armor: Skin              ||    10
Dodge: Dodged            ||    37

Table legend:
 A = Spawn XP
 B = Non-spawn XP
 C = Spawn XP percentage of total XP
 D = Spawn monster count
 E = Non-spawn monster count
 F = Spawn count percentage of total count
 G = Total turns spent on level
                    A         B        C        D         E        F      G
               +---------+---------+-------+---------+---------+-------+---------
         Total |       0 |      44 |   0.0 |       0 |      18 |   0.0 |  1204
               +---------+---------+-------+---------+---------+-------+---------
           D:1 |       0 |      29 |   0.0 |       0 |      16 |   0.0 |  1163
           D:2 |       0 |      15 |   0.0 |       0 |       2 |   0.0 |    41
               +---------+---------+-------+---------+---------+-------+---------
